 Dungeon Crawl Stone Soup version 0.25.0-11-g1f837a76a1 (console) character file.

Game seed: 2625262490575453713

191 bli the Firebug (level 5, 0/38 HPs)
             Began as a Centaur Fire Elementalist on June 26, 2020.
             Slain by a kobold
             ... wielding a +0 whip
              (4 damage)
             ... in a sewer.
             The game lasted 00:10:28 (2232 turns).

bli the Firebug (Centaur Fire Elementalist)         Turns: 2232, Time: 00:10:29

Health: 0/38       AC:  5    Str: 10    XL:     5   Next: 42%
Magic:  4/9        EV: 10    Int: 21    God:
Gold:   127        SH:  0    Dex: 16    Spells: 9/10 levels left

rFire    . . .     SeeInvis .     - Unarmed
rCold    . . .     Gourm    .   (no shield)
rNeg     . . .     Faith    .   a - +0 robe
rPois    +         Spirit   .   (no helmet)
rElec    .         Reflect  .   b - +0 cloak {rPois}
rCorr    .         Harm     .   (no gloves)
MR       .....                  (no barding)
Stlth    +.........             (no amulet)
HPRegen  0.12/turn              u - +6 ring of dexterity
MPRegen  0.11/turn              A - +6 ring of intelligence

@: very quick
A: large, hooves 3, deformed body, speed 2, tough skin 3
a: no special abilities


You were in a sewer.
You were not hungry.

You visited 1 branch of the dungeon, and saw 3 of its levels.
You also visited: Sewer.

You collected 127 gold pieces.

Inventory:

Hand Weapons
 D - a +0 dagger of speed
Missiles
 f - 6 atropa-tipped darts
 m - 44 arrows
 n - 55 bolts
 o - 7 javelins
 B - 6 boomerangs (quivered)
 C - 19 sling bullets
 F - 5 poisoned darts
Armour
 a - a +0 robe (worn)
 b - a +0 cloak of poison resistance (worn)
Jewellery
 u - a +6 ring of dexterity (left hand)
 A - a +6 ring of intelligence (right hand)
Wands
 p - a wand of disintegration (8)
 r - a wand of acid (10)
Scrolls
 d - 5 scrolls of identify {unknown}
 i - a scroll of teleportation {unknown}
 j - 2 scrolls of remove curse {unknown}
 s - a scroll of random uselessness {unknown}
 t - a scroll of blinking {unknown}
 v - a scroll of fear {unknown}
 y - a scroll of magic mapping {unknown}
 z - a scroll of amnesia {unknown}
 G - a scroll of immolation {unknown}
Potions
 e - 2 potions of curing {unknown}
 g - 4 potions of might {unknown}
 h - 2 potions of flight {unknown}
 k - a potion of invisibility {unknown}
 l - a potion of brilliance {unknown}
 w - a potion of lignification {unknown}
 x - a potion of mutation {unknown}
 E - 2 potions of heal wounds {unknown}
Comestibles
 c - 6 rations
 q - 8 chunks of flesh


   Skills:
 + Level 0.1 Fighting
 + Level 0.4 Throwing
 + Level 1.8 Dodging
 - Level 1.1 Stealth
 + Level 1.4 Unarmed Combat
 * Level 3.0 Spellcasting
 + Level 1.8 Conjurations
 + Level 3.5 Fire Magic


You had 9 spell levels left.
You knew the following spells:

 Your Spells              Type           Power        Failure   Level  Hunger
a - Foxfire               Conj/Fire      ##..         4%          1    None

Your spell library contained the following spells:

 Spells                   Type           Power        Failure   Level  Hunger
 Conjure Flame            Conj/Fire      ##......     13%         3    ###....
 Inner Flame              Hex/Fire       ##......     19%         3    ###....
 Sticky Flame             Conj/Fire      ##......     41%         4    ####...
 Fireball                 Conj/Fire      ##........   77%         5    ######.


Dungeon Overview and Level Annotations

Branches:
Dungeon (3/15)              Sewer (1/1)

Altars:


Innate Abilities, Weirdness & Mutations

You have hooves in place of feet.
Armour fits poorly on your strangely shaped body.
You cover ground very quickly.
You have extremely tough skin. (AC +3)


Message History

The foxfire hits the big kobold.
You kill the big kobold!
Your Spellcasting skill increases to level 3!
You have reached level 5!
The foxfire hits the kobold.
The kobold is heavily wounded.
Throwing (i - inventory. (/) - cycle)
B - 6 boomerangs (quivered)
Press: ? - help, Shift-Dir - straight line, f - kobold
Aim: a kobold, wielding a +0 whip (heavily wounded)
You throw a boomerang. The boomerang barely misses the kobold.
You hit the kobold but do no damage.
The kobold is heavily wounded.
The kobold hits you but does no damage.
You closely miss the kobold.
The kobold is heavily wounded.
The kobold barely misses you.
Casting: Foxfire (safe; 4% risk of failure)
Confirm with . or Enter, or press ? or * to list all spells.
You conjure some foxfire!
The kobold hits you with a +0 whip.
You die...

......≈≈≈P≈...≈≈≈≈≈≈....≈≈'..∩.#
.....P≈≈≈≈≈P..≈≈P≈≈P≈P.≈≈≈#....#
#######≈#≈#######≈##############
≈ ≈≈≈≈≈≈≈≈≈≈≈≈≈≈≈≈≈≈≈≈≈≈# ≈
≈≈≈≈≈≈≈≈≈≈≈≈≈≈≈≈≈≈≈≈≈≈# ≈
≈≈≈≈≈≈≈≈≈≈≈≈≈≈≈≈≈≈≈≈≈ ≈
####≈≈≈≈##########≈###### P
P≈≈≈P≈≈≈≈P≈≈...≈≈≈≈#....# .
≈≈P≈≈≈≈≈P≈≈≈...≈≈≈≈'..∩.#
....≈≈P≈v......≈.P≈'!.!.#
........v@K.)......#
...........##......#
......#P..########## ......#.P.#
###..##### #


You could see a kobold.

Vanquished Creatures
  A big kobold (Sewer)
  4 adders (D:2)
  2 oozes
  4 dart slugs
  2 leopard geckos
  4 ball pythons
  3 bats
  3 giant cockroaches
  10 goblins
  4 hobgoblins (D:1)
  3 jackals (D:3)
  3 quokkas
  8 frilled lizards
  10 kobolds
  10 rats
71 creatures vanquished.

Vanquished Creatures (others)
  119 foxfires
119 creatures vanquished.

Grand Total: 190 creatures vanquished

Notes
Turn   | Place    | Note
-------+----------+-------------------------------------------
     0 | D:1      | bli the Centaur Fire Elementalist began the quest for the
                  | Orb.
     0 | D:1      | Reached XP level 1. HP: 14/14 MP: 3/3
   186 | D:1      | Reached XP level 2. HP: 6/20 MP: 0/5
   866 | D:1      | Reached XP level 3. HP: 26/26 MP: 3/6
  1283 | D:2      | Reached skill level 1 in Conjurations
  1414 | D:2      | Reached XP level 4. HP: 33/33 MP: 0/7
  1561 | D:2      | Reached skill level 1 in Unarmed Combat
  1946 | D:3      | Found a glowing drain.
  1969 | Sewer    | Entered a sewer
  2205 | Sewer    | Noticed a big kobold
  2227 | Sewer    | Killed a big kobold
  2227 | Sewer    | Reached XP level 5. HP: 4/38 MP: 5/9
  2232 | Sewer    | Slain by a kobold

Illustrated notes

Levels and vault maps discovered:
D:1:      dpeg_arrival_rooms_a, layout_basic, minmay_pentomino_u4
D:2:      layout_rooms, first_ration
D:3:      layout_loops_corners, portal_sewer_entry_a, gammafunk_ghost_smash
Sewer:    kennysheep_pipe_town

Skill      XL: |  1  2  3  4 |
---------------+-------------+-----
Spellcasting   | 2 3 |  3.0
Fire Magic     | 3 |  3.5
Conjurations   | 1 |  1.8
Unarmed Combat | 1 |  1.4
Fighting       | |  0.1
Throwing       | |  0.4
Dodging        | |  1.8
Stealth        | |  1.1

Action                   |  1- 3 |  4- 6 || total
-------------------------+-------+-------++-------
Melee: Unarmed           |    57 |    41 ||    98
       Kick              |     9 |    11 ||    20
Throw: Boomerang         |       |     9 ||     9
 Cast: Foxfire           |    38 |    32 ||    70
 Stab: Sleeping          |       |     1 ||     1
  Eat: Chunk             |     1 |     3 ||     4
Armor: Robe              |    16 |    21 ||    37
Dodge: Dodged            |    39 |    38 ||    77
